 Dungeon Crawl Stone Soup version 0.30-a0-219-gf2db51d15e (webtiles) character file.

Game seed: 11970214215292237932

8001 tsouns the Brawler (level 11, -10/94 HPs)
             Began as a Troll Monk on Oct 6, 2022.
             Was an Initiate of Gozag.
             Killed by a stone arrow (25 damage)
             ... invoked by the wrath of Vehumet
             ... on level 10 of the Dungeon.
             The game lasted 00:12:24 (6780 turns).

tsouns the Brawler (Troll Monk)                     Turns: 6780, Time: 00:12:25

Health: -10/94     AC:  7    Str: 25    XL:     11   Next: 4%
Magic:  0/10       EV: 10    Int: 12    God:    Gozag
Gold:   926        SH:  0    Dex: 14    Spells: 9/10 levels left

rFire   . . .      SeeInvis +      - Unarmed
rCold   . . .      Faith    .    (no shield)
rNeg    . . .      Spirit   +    a - +1 robe
rPois   +          Reflect  .    (helmet restricted)
rElec   .          Harm     .    w - +1 cloak
rCorr   .          Rampage  .    (gloves unavailable)
Will    +....                    (boots unavailable)
Stlth   ++........               u - amulet of guardian spirit
HPRegen 1.15/turn                v - ring of poison resistance
MPRegen 0.12/turn                e - ring "Litiduzo" {Will+ Int+6 Dex+2 SInv}

@: brilliant, gold aura, hasted, very quick
A: large, unfitting armour, claws 3, regeneration 1, shaggy fur 1, tough skin 1
a: Renounce Religion, Potion Petition, Call Merchant, Bribe Branch


You were on level 10 of the Dungeon.
You worshipped Gozag.
Gozag was pleased with you.
You visited 1 branch of the dungeon, and saw 10 of its levels.

You collected 1587 gold pieces.
You spent 90 gold pieces at shops.
You paid 571 gold pieces to Gozag.

Inventory:

Hand Weapons
 m - a +0 quarterstaff of distortion
Missiles
 K - a curare-tipped dart (quivered)
Armour
 a - a +1 robe (worn)
 h - a +0 kite shield
 w - a +1 cloak (worn)
Jewellery
 e - the ring "Litiduzo" (right claw) {Will+ Int+6 Dex+2 SInv}
   (You acquired it on level 5 of the Dungeon)

   [ring of intelligence]

   Int:       It affects your intelligence (+6).
   Dex:       It affects your dexterity (+2).
   SInv:      It lets you see invisible.
   Will:      It increases your willpower.
 u - an amulet of guardian spirit (around neck)
 v - a ring of poison resistance (left claw)
Wands
 p - a wand of paralysis (8)
 x - a wand of flame (9)
 y - a wand of quicksilver (7)
 G - a wand of mindburst (1)
 J - a wand of roots (7)
Scrolls
 c - 2 scrolls of enchant armour
 g - a scroll of poison
 i - 6 scrolls of teleportation
 j - a scroll of butterflies {unknown}
 o - 2 scrolls of blinking
 q - a scroll of amnesia
 s - 4 scrolls of enchant weapon {unknown}
 B - a scroll of noise {unknown}
 E - a scroll of fear
 I - 2 scrolls of identify
Potions
 b - 2 potions of ambrosia
 d - a potion of lignification
 k - 5 potions of attraction
 l - 2 potions of might
 n - 2 potions of magic {unknown}
 r - 6 potions of curing
 t - 3 potions of degeneration {unknown}
 z - a potion of resistance {unknown}
 A - a potion of haste {unknown}
 C - a potion of berserk rage {unknown}
 D - 2 potions of flight {unknown}
 F - a potion of mutation {unknown}
Miscellaneous
 H - a phial of floods


   Skills:
 - Level 2.4 Fighting
 - Level 2.4 Dodging
 - Level 1.0 Stealth
 * Level 16.9 Unarmed Combat
 + Level 0.7 Evocations


You had 9 spell levels left.
You knew the following spells:

 Your Spells              Type           Power      Damage    Failure   Level
a - Kiss of Death         Conj/Necr      0%         2d5       32%         1

Your spell library contained the following spells:

 Spells                   Type           Power      Damage    Failure   Level
 Slow                     Hex            0%         N/A       32%         1
 Cigotuvi's Dreadful Rot  Necr/Pois/Air  0%         N/A       45%         2
 Scorch                   Fire           0%         2d5       45%         2
 Confusing Touch          Hex            0%         N/A       69%         3
 Gell's Gravitas          Tloc           0%         N/A       69%         3
 Lesser Beckoning         Tloc           0%         N/A       69%         3
 Ozocubu's Armour         Ice            0%         N/A       69%         3
 Portal Projectile        Hex/Tloc       0%         N/A       69%         3
 Teleport Other           Tloc           0%         N/A       69%         3
 Tukima's Dance           Hex            0%         N/A       69%         3
 Vampiric Draining        Necr           0%         2d6       69%         3
 Dispel Undead            Necr           0%         3d6       97%         4
 Flame Wave               Conj/Fire      0%         2d4       97%         4
 Blade Hands              Tmut           0%         N/A       100%        5
 Metabolic Englaciation   Hex/Ice        0%         N/A       100%        5
 Death Channel            Necr           0%         N/A       100%        6
 Summon Cactus Giant      Summ           0%         N/A       100%        6
 Borgnjor's Revivificati  Necr           0%         N/A       100%        8
 Necromutation            Tmut/Necr      0%         N/A       100%        8
 Death's Door             Necr           0%         N/A       100%        9
 Simulacrum               Ice/Necr       Unusable   N/A       N/A         6

Dungeon Overview and Level Annotations

Branches:
Dungeon (10/15)            Temple (0/1) D:4
   Lair: D:8-11         Orc: D:9-12

Altars:
Cheibriados
Gozag
Trog
Vehumet
The Shining One

Shops:
D:5 ?

Annotations:
D:3 Sigmund
D:5 3 runed translucent doors, funkygono's ghost, novice GrFE
D:6 2 transporters, surr's ghost, amateur AtFi
D:7 2 transporters
D:9 2 transporters, funkygono's ghost, journeyman GrEE


Innate Abilities, Weirdness & Mutations

You are too large for most types of armour.
You have claws for hands.
Your natural rate of healing is unusually fast.
You are covered in fur. (AC +1)
You have tough skin. (AC +1)


Message History

The two-headed ogre is severely wounded.
The orc wizard is distracted by your dazzling golden aura.
You barely miss the two-headed ogre.
The two-headed ogre is severely wounded.
The two-headed ogre hits you with a +0 giant club!!
The two-headed ogre closely misses you.
The orc wizard shouts!
You are too injured to fight recklessly!
You closely miss the orc wizard.
The orc wizard is no longer distracted by gold.
The orc wizard closely misses you.
You closely miss the orc wizard.
The two-headed ogre hits you with a +0 giant club!!
* * * LOW HITPOINT WARNING * * *
The two-headed ogre barely misses you.
The orc wizard hits you but does no damage.
You closely miss the orc wizard.
The orc wizard hits you but does no damage.
You feel much better.
The two-headed ogre hits you with a +0 giant club! x2
* * * LOW HITPOINT WARNING * * *
The orc wizard is distracted by your dazzling golden aura.
The orc wizard shouts! [a] - 320 gold - heal wounds, curing and magic [b] - 540 gold - brilliance, magic, haste and heal wounds [c] - 504 gold - resistance and invisibility Purchase which effect?
You feel clever all of a sudden. Magic courses through your body.
You feel yourself speed up.
You feel much better.
The two-headed ogre hits you with a +0 giant club!! x2
* * * LOW HITPOINT WARNING * * *
You barely miss the two-headed ogre. You claw the two-headed ogre!
The two-headed ogre is almost dead.
You mangle the two-headed ogre!!
You kill the two-headed ogre!
Vehumet rains destruction down upon you!
The stone arrow hits you!!
You die...
Your body crumbles into a pile of gold.

... ..
#.. #.
##.. .
$..##.#
...#.
... #$#
#@# #o#
#.# #.#
#.# #.#
..# #..


You could see an orc wizard and the wrath of Vehumet (unaware).

Vanquished Creatures
  A two-headed ogre (D:10)
  Pikel (D:6)
  Joseph (D:7)
  A kobold demonologist (D:9)
  A komodo dragon (D:8)
  A polar bear (D:8)
  A hornet (D:9)
  A slime creature (D:9)
  14 yaks
  A wyvern (D:8)
  Eustachio (D:5)
  Menkaure (D:5)
  An acid dragon (D:9)
  Duvessa (D:4)
  An orc warrior (D:6)
  3 ice beasts
  A sky beast (D:7)
  2 black bears
  An ogre (D:7)
  2 wolves (D:8)
  A centaur (D:9)
  4 lemures (D:6)
  2 kobold brigands
  A necrophage (D:5)
  2 bullfrogs
  2 gnoll sergeants (D:5)
  A scorpion (D:5)
  12 wights
  Dowan (D:4)
  3 killer bees (D:9)
  A howler monkey (D:5)
  2 electric eels (D:8)
  3 jellies
  7 hounds
  3 gnoll boudas (D:5)
  An orc priest (D:5)
  9 iguanas
  23 gnolls
  8 adders
  A shadow imp (D:5)
  A howler monkey simulacrum (D:8)
  7 white imps
  An ufetubus (D:4)
  A worm (D:3)
  3 dart slugs
  12 orcs
  6 ball pythons
  6 endoplasms
  A giant cockroach (D:2)
  5 goblins
  4 hobgoblins
  6 jackals
  7 quokkas
  4 bats
  11 frilled lizards
  9 kobolds
  4 rats
212 creatures vanquished.

Vanquished Creatures (others)
  7 plants
7 creatures vanquished.

Grand Total: 219 creatures vanquished

Notes
Turn   | Place    | Note
-------+----------+-------------------------------------------
     0 | D:1      | tsouns the Troll Monk began the quest for the Orb.
     0 | D:1      | Reached XP level 1. HP: 22/22 MP: 0/0
   180 | D:1      | Reached XP level 2. HP: 29/29 MP: 1/1
   402 | D:1      | Reached skill level 4 in Unarmed Combat
   462 | D:1      | Found a faded altar of an unknown god.
   477 | D:1      | Prayed at the altar of an unknown god.
   477 | D:1      | Became a worshipper of Vehumet
   477 | D:1      | Reached * piety under Vehumet
   477 | D:1      | Offered knowledge of Shock by Vehumet.
   477 | D:1      | Reached ** piety under Vehumet
   634 | D:1      | Reached XP level 3. HP: 35/36 MP: 2/2
   703 | D:2      | Offered knowledge of Kiss of Death by Vehumet.
   717 | D:2      | Learned a level 1 spell: Kiss of Death
   747 | D:2      | Reached *** piety under Vehumet
   747 | D:2      | Offered knowledge of Static Discharge by Vehumet.
  1207 | D:2      | You fall into a shaft and drop 1 floor!
  1221 | D:3      | Reached XP level 4. HP: 44/44 MP: 3/3
  1254 | D:3      | Reached skill level 5 in Unarmed Combat
  1300 | D:3      | Found an opulent altar of Gozag.
  1300 | D:3      | Found a bloodstained altar of Trog.
  1307 | D:3      | Fell from the grace of Vehumet
  1307 | D:3      | Became a worshipper of Gozag Ym Sagoz the Greedy
  1492 | D:3      | Noticed Sigmund
  1916 | D:4      | Noticed Duvessa
  1916 | D:4      | Noticed a black bear
  1937 | D:4      | Noticed Dowan
  1945 | D:4      | Killed a black bear
  1946 | D:4      | Reached skill level 6 in Unarmed Combat
  1946 | D:4      | Reached XP level 5. HP: 23/50 MP: 1/4
  1953 | D:4      | Killed Duvessa
  1954 | D:4      | Reached skill level 7 in Unarmed Combat
  1954 | D:4      | Reached XP level 6. HP: 25/59 MP: 0/5
  1958 | D:4      | Killed Dowan
  2105 | D:4      | Found a staircase to the Ecumenical Temple.
  2408 | D:5      | Entered Level 5 of the Dungeon
  2408 | D:5      | Noticed Menkaure
  2412 | D:5      | Killed Menkaure
  2413 | D:5      | Reached skill level 8 in Unarmed Combat
  2413 | D:5      | Reached XP level 7. HP: 56/66 MP: 4/6
  2492 | D:5      | Noticed Eustachio
  2521 | D:5      | Killed Eustachio
  2522 | D:5      | Reached skill level 9 in Unarmed Combat
  2723 | D:5      | Found a runed translucent gate.
  2723 | D:5      | Found a runed translucent gate.
  2723 | D:5      | Found a runed translucent gate.
  2723 | D:5      | Noticed funkygono's ghost (novice GrFE)
  2770 | D:6      | Found a transporter.
  2851 | D:6      | Noticed Pikel
  2982 | D:6      | Killed Pikel
  2983 | D:6      | Reached skill level 10 in Unarmed Combat
  2983 | D:6      | Reached XP level 8. HP: 33/74 MP: 1/7
  3067 | D:6      | Found a glowing golden altar of the Shining One.
  3101 | D:6      | Reached skill level 11 in Unarmed Combat
  3581 | D:6      | Noticed surr's ghost (amateur AtFi)
  3586 | D:6      | Found a transporter.
  3639 | D:7      | Noticed Joseph
  3639 | D:7      | Found a transporter.
  3727 | D:5      | Reached skill level 12 in Unarmed Combat
  3732 | D:5      | Reached XP level 9. HP: 57/80 MP: 5/8
  3768 | D:5      | Identified a scroll of acquirement
  3768 | D:5      | Acquired the ring "Litiduzo" {Will+ Int+6 Dex+2 SInv}
  3874 | D:5      | Found Xawil's Magic Scroll Boutique.
  3930 | D:5      | Bought a scroll of enchant armour for 90 gold pieces
  4274 | D:5      | Identified the +4 rapier "Worm's Wrath" {vorpal, *Slow rF+
                  | Str+3 Int+3}
  4345 | D:5      | Found a snail-covered altar of Cheibriados.
  4468 | D:7      | Killed Joseph
  4469 | D:7      | Reached skill level 13 in Unarmed Combat
  4653 | D:7      | Noticed a kobold demonologist
  4653 | D:7      | Noticed a kobold demonologist
  4753 | D:7      | Found a transporter.
  4920 | D:8      | Reached skill level 14 in Unarmed Combat
  5119 | D:8      | Reached XP level 10. HP: 78/86 MP: 7/9
  5307 | D:8      | Reached skill level 15 in Unarmed Combat
  5737 | D:9      | Found a transporter.
  5927 | D:9      | Reached skill level 16 in Unarmed Combat
  6182 | D:9      | Found a transporter.
  6185 | D:9      | Noticed funkygono's ghost (journeyman GrEE)
  6438 | D:9      | Reached XP level 11. HP: 61/94 MP: 6/10
  6766 | D:10     | Entered Level 10 of the Dungeon
  6766 | D:10     | Noticed a two-headed ogre
  6780 | D:10     | Killed a two-headed ogre
  6780 | D:10     | Killed by a stone arrow

Illustrated notes

Levels and vault maps discovered:
D:1:      amcnicky_arrival_abandoned_market, layout_basic, serial_aquarium,
          aquarium_bridge_square [aquarium_subvault_bridge,
          aquarium_subvault_bridge, aquarium_subvault_balcony,
          aquarium_subvault_wall], aquarium_window_2, aquarium_window_corner,
          aquarium_view_2g, aquarium_view_2c, aquarium_balcony_double_2,
          shapermc_ecumenical_altar_starsandcircs
D:2:      layout_basic, nicolae_elevator_lobby_asterisk
D:3:      layout_basic, gammafunk_temple_overflow_elements, uniq_sigmund
D:4:      layout_basic, minmay_temple_entry_glass, uniq_duvessa
D:5:      layout_cave_pools, cheibriados_altar_1, ebering_ghost_rock_garden,
          serial_gnoll_camp, gnoll_camp_mini_loothouse, gnoll_camp_mini_house,
          gnoll_camp_mini_hut, gnoll_camp_huts_basic, gnoll_camp_mini_shop,
          uniq_eustachio, uniq_menkaure
D:6:      layout_basic, tso_oasis_becter, gammafunk_ghost_smash, uniq_pikel
D:7:      gammafunk_wand_slinger, layout_cave_pools, nicolae_fountain_basement,
          uniq_joseph
D:8:      layout_gridville, serial_ice, serial_ice_j, serial_ice_n,
          serial_ice_h, serial_ice_f, minmay_lizard_king
D:9:      layout_loops_ring, gammafunk_ghost_stat_death, minmay_between
D:10:     gammafunk_mikee_crab_dinner, layout_loops_ring,
          nicolae_hepliaklqana_ecumenical_no_more, minmay_rotating_lava,
          uniq_erolcha

Skill      XL: |  1  2  3  4  5  6  7  8  9 10 |
---------------+-------------------------------+-----
Unarmed Combat | 4 6 7 8 10 12 14 16 | 16.9
Fighting       | |  2.4
Dodging        | |  2.4
Stealth        | |  1.0
Evocations     | |  0.7

Action                   |  1- 3 |  4- 6 |  7- 9 | 10-12 || total
-------------------------+-------+-------+-------+-------++-------
Melee: Unarmed           |    90 |    88 |   239 |   177 ||   594
       Punch             |     3 |     1 |    21 |    16 ||    41
Invok: Potion Petition   |       |       |       |     1 ||     1
Evoke: Wand              |       |       |     4 |       ||     4
  Use: Potion            |       |     2 |       |     1 ||     3
       Scroll            |       |       |    12 |       ||    12
 Stab: Sleeping          |     4 |     1 |     2 |     3 ||    10
       Distracted        |       |       |     4 |     1 ||     5
Armor: Robe              |    31 |    21 |    33 |    26 ||   111
Dodge: Dodged            |    42 |    37 |   102 |    54 ||   235

Table legend: (Time is in decaauts)
 A = Elapsed time spent in this place.
 B = Non-inter-level travel time spent in this place.
 C = Inter-level travel time spent in this place.
 D = Time resting spent in this place.
 E = Time spent auto-exploring this place.
 F = Levels seen in this place.
 G = Mean time per level.
                   A        B        C        D        E       F      G
               +--------+--------+--------+--------+--------+-----+--------+
         Total |   6668 |   6378 |    290 |     12 |   4772 |  10 |  666.8 |
       Dungeon |   6668 |   6378 |    290 |     12 |   4772 |  10 |  666.8 |
               +--------+--------+--------+--------+--------+-----+--------+

Top non-repeatable levels by time:
     D:9: 1111 daAuts
     D:5: 1029 daAuts
     D:4: 935 daAuts
     D:6: 929 daAuts
     D:1: 697 daAuts
     D:8: 694 daAuts
     D:2: 502 daAuts
     D:7: 462 daAuts
     D:3: 296 daAuts
    D:10: 10 daAuts
